 Dungeon Crawl Stone Soup version 0.31-a0-626-g8143ab4f1d (webtiles) character file.

Game seed: 1420334320235364581

634 BigDaddyOpFi the Changeling (level 7, -5/39 HPs)
             Began as a Troll Shapeshifter on Aug 24, 2023.
             Was an Initiate of Hepliaklqana.
             Slain by an ogre
             ... wielding a +0 giant spiked club
              (16 damage)
             ... on level 5 of the Dungeon.
             The game lasted 00:05:31 (2891 turns).

BigDaddyOpFi the Changeling (Troll Shapeshifter)    Turns: 2891, Time: 00:05:32

Health: -5/39      AC:  5    Str: 31    XL:     7   Next: 24%
Magic:  6/6        EV:  5    Int:  2    God:    Hepliaklqana [......]
Gold:   234        SH:  0    Dex: 10    Spells: 6/6 levels left

rFire   . .          .
                       - Unarmed
rCold   . . .        (shield currently unavailable)
rNeg    . . .        a - melded +0 animal skin
rPois   .            (helmet currently unavailable)
rElec   .            (cloak currently unavailable)
rCorr   .            (gloves unavailable)
SInv    .            (boots unavailable)
Will    .....        (no amulet)
Stlth   +            (no ring)
HPRegen 1.06/turn    (no ring)
MPRegen 0.10/turn

%: no passive effects
@: snake-form, held, hasted, very quick
A: constrict, reduced hp, large, unfitting armour, (claws 3), regeneration 1,
(shaggy fur 1), (tough skin 1), (talons 1), dopey 1, (poison resistance),
screaming 1
a: Begin Untransformation, Renounce Religion


You were on level 5 of the Dungeon.
You worshipped Hepliaklqana.
Hepliaklqana was noncommittal.
You were an enormous anaconda.
You visited 2 branches of the dungeon, and saw 6 of its levels.

You collected 234 gold pieces.

Inventory:

Armour
 a - a +0 animal skin (melded)
Jewellery
 b - a ring of protection from cold
Talismans
 c - a beast talisman
 d - a flux talisman
 i - a serpent talisman (active)
Wands
 h - a wand of digging (3)
Scrolls
 e - a scroll of fog {unknown}
 g - 2 scrolls of enchant weapon {unknown}
 j - 3 scrolls of identify {unknown}
 l - a scroll of vulnerability {unknown}
 n - a scroll of noise {unknown}
 o - a scroll of blinking {unknown}
Potions
 k - 2 potions of curing {unknown}
 m - 2 potions of attraction {unknown}
 p - 2 potions of enlightenment {unknown}


   Skills:
 + Level 3.0 Fighting
 + Level 3.3 Dodging
 + Level 4.7 Unarmed Combat
 + Level 1.2 Invocations
 * Level 4.8 Shapeshifting


You had 6 spell levels left.
You didn't know any spells.
Your spell library contained the following spells:

 Spells                   Type           Power      Damage    Failure   Level
 Sting                    Tmut/Pois      0%         1d3       54%         1
 Blink                    Tloc           0%         N/A       69%         2
 Lesser Beckoning         Tloc           0%         N/A       69%         2
 Momentum Strike          Conj/Tloc      0%         3d8       69%         2
 Poisonous Vapours        Pois/Air       0%         N/A       69%         2
 Hailstorm                Conj/Ice       0%         3d3       89%         3
 Olgreb's Toxic Radiance  Pois           0%         N/A       100%        4
 Summon Ice Beast         Ice/Summ       0%         N/A       100%        4
 Simulacrum               Ice/Necr       0%         N/A       100%        6


Dungeon Overview and Level Annotations

Branches:
Dungeon (5/15)             Temple (1/1) D:4

Altars:
Ashenzari
Cheibriados
Dithmenos
Elyvilon
Fedhas
Gozag
Hepliaklqana
Kikubaaqudgha
Makhleb
Nemelex Xobeh
Okawaru
Qazlal
Sif Muna
Uskayaw
Vehumet
Wu Jian
Yredelemnul
The Shining One

Shops:
D:3 !*((=


Innate Abilities, Weirdness & Mutations

You are an enormous anaconda.
You have a powerful constriction melee attack.
Your maximum health is decreased, since you lack skill for your form.
Your armour is entirely melded.
You are incapable of wielding weapons or throwing items.
You are too large for most types of armour.
((You have claws for hands.))
Your natural rate of healing is unusually fast.
((You are covered in fur. (AC +1)))
((You have tough skin. (AC +1)))
((You have sharp toenails.))
You are dopey. (Int -2)
((Your system is resistant to poisons. (rPois)))
You occasionally shout uncontrollably at your foes.


Message History

You kill the adder!
No target in view!
p - 2 gluggy clear potions No target in view!
Found a stone staircase leading up.
No target in view!
Found a stone staircase leading down.
No target in view!
Found a leather armour.
No target in view!
No target in view!
An ogre comes into view. It is wielding a +0 giant spiked club.
Found a gluggy clear potion.
The ogre shouts!
You hear a shout!
A gnoll comes into view. It is wielding a +0 spear.
There are monsters nearby! 2 gnolls and a sleepcap come into view.
The gnoll shouts!
A hound comes into view.
You hiss at the hound!
The sleepcap moves out of view.
The gnoll shouts!
The hound barks!
You hear an angry hiss.
You see here a viscous grey potion.
There are monsters nearby!
A steam dragon comes into view.
The gnoll throws a throwing net.
The throwing net closely misses you.
Things that are here:
a throwing net; a viscous grey potion The gnoll throws a throwing net.
The throwing net hits you.
You become entangled in the net!
You see here a throwing net.
You struggle against the net.
You struggle against the net.
The ogre hits you with a +0 giant spiked club!!
Ouch! That really hurt!
* * * LOW HITPOINT WARNING * * *
Okay, then.
Okay, then.
You feel yourself speed up. The gnoll barely misses you.
The ogre hits you with a +0 giant spiked club!
You die...

#................# #######
....D............###......
.......>..................
..........................
......[..........###......
.....D...........# #......
.................# #......
..!....g##....<### #......
......gfOS....## #......
......####.....# #......
...... #.....# #######
..... #.....# .####
......# ##.......
...###### ....#


You could see a steam dragon, an ogre, a sleepcap and 2 gnolls.

Vanquished Creatures
  Sigmund (D:3)
  A steam dragon (D:4)
  An ogre (D:4)
  A howler monkey (D:5)
  An orc priest (D:2)
  An iguana (D:4)
  Natasha (D:3)
  5 gnolls
  3 adders
  A worm (D:3)
  A dart slug (D:1)
  10 orcs
  5 bats
  5 endoplasms
  2 giant cockroaches
  12 goblins
  3 hobgoblins
  2 jackals (D:4)
  2 quokkas
  6 ball pythons
  3 frilled lizards
  7 kobolds
  2 rats (D:1)
76 creatures vanquished.

Notes
Turn   | Place    | Note
-------+----------+-------------------------------------------
     0 | D:1      | BigDaddyOpFi the Troll Shapeshifter began the quest for the
                  | Orb.
     0 | D:1      | Reached XP level 1. HP: 18/18 MP: 0/0
    49 | D:1      | Reached skill level 1 in Fighting
    49 | D:1      | Reached XP level 2. HP: 5/27 MP: 1/1
   780 | D:2      | Reached XP level 3. HP: 20/33 MP: 2/2
  1176 | D:2      | Reached XP level 4. HP: 25/41 MP: 3/3
  1370 | D:3      | Found Ruedidom's General Store.
  1379 | D:3      | Noticed Sigmund
  1389 | D:3      | Gained mutation: You have sharp toenails. [potion of
                  | mutation]
  1389 | D:3      | Gained mutation: You have hidden genetic defects. [potion
                  | of mutation]
  1389 | D:3      | Gained mutation: Your system is resistant to poisons.
                  | (rPois) [potion of mutation]
  1404 | D:3      | Killed Sigmund
  1405 | D:3      | Reached XP level 5. HP: 25/50 MP: 4/4
  1415 | D:3      | Gained mutation: You are dopey. (Int -2) [hidden defects]
  1436 | D:3      | Found Taeho's Antique Weapon Boutique.
  1464 | D:3      | Found Elocot's Weapon Boutique.
  1517 | D:3      | Found Cekege's Jewellery Boutique.
  1523 | D:3      | Found a glowing golden altar of the Shining One.
  1523 | D:3      | Found a blossoming altar of Fedhas.
  1587 | D:3      | Found Eggiter Gion's Distillery.
  1686 | D:3      | Noticed Natasha
  1693 | D:3      | Killed Natasha
  1694 | D:3      | Reached XP level 6. HP: 39/59 MP: 5/5
  1695 | D:3      | Gained mutation: You occasionally shout uncontrollably at
                  | your foes. [hidden defects]
  1695 | D:3      | Lost mutation: You have hidden genetic defects. [hidden
                  | defects expressed]
  1720 | D:3      | Found a sparkling altar of Nemelex Xobeh.
  2050 | D:4      | Found a staircase to the Ecumenical Temple.
  2066 | Temple   | Entered the Ecumenical Temple
  2213 | Temple   | Became a worshipper of Hepliaklqana the Forgotten
  2463 | D:4      | Noticed a steam dragon
  2469 | D:4      | Killed a steam dragon
  2470 | D:4      | Reached skill level 1 in Invocations
  2470 | D:4      | Reached XP level 7. HP: 19/66 MP: 6/6
  2822 | D:5      | Entered Level 5 of the Dungeon
  2886 | D:5      | Noticed a steam dragon
  2891 | D:5      | Slain by an ogre

Illustrated notes

Levels and vault maps discovered:
D:1:      dpeg_arrival_fog, layout_basic
D:2:      layout_loops_ring
D:3:      layout_rooms, gammafunk_temple_overflow_forgotten, serial_shops, shop,
          shop, shop, shop, nicolae_shop_advertising_works
          [nicolae_subvault_shop_adworks], minmay_quantized, uniq_sigmund,
          uniq_natasha
D:4:      layout_loops_ring, minmay_temple_entry_sparse_star,
          kennysheep_generic_room_7
D:5:      layout_rooms, nicolae_overflow_crystal_walls,
          lemuel_coloured_pillars_altar, hangedman_decor_opposing
Temple:   minmay_freezing_vapour_temple

Skill      XL: |  1  2  3  4  5  6  7 |
---------------+----------------------+-----
Fighting       | 1 2 3 |  3.0
Dodging        | 2 3 |  3.3
Unarmed Combat | 4 |  4.7
Shapeshifting  | 4 |  4.8
Invocations    | 1 |  1.2

Action                     |  1- 3 |  4- 6 |  7- 9 || total
---------------------------+-------+-------+-------++-------
  Melee: Unarmed           |    57 |    87 |    23 ||   167
         Kick              |       |    11 |       ||    11
         Constrict         |       |     3 |     4 ||     7
    Use: Potion            |     1 |     6 |     1 ||     8
 Armour: Skin              |     5 |     7 |     3 ||    15
         Animal skin       |    15 |    27 |       ||    42
  Dodge: Dodged            |    19 |    38 |     9 ||    66
   Form: Flux              |     1 |       |       ||     1
         Anaconda          |       |     1 |       ||     1

Table legend: (Time is in decaauts)
 A = Elapsed time spent in this place.
 B = Non-inter-level travel time spent in this place.
 C = Inter-level travel time spent in this place.
 D = Time resting spent in this place.
 E = Time spent auto-exploring this place.
 F = Levels seen in this place.
 G = Mean time per level.
                   A        B        C        D        E       F      G
               +--------+--------+--------+--------+--------+-----+--------+
         Total |   2858 |   2791 |     67 |    233 |   2034 |   6 |  476.3 |
       Dungeon |   2699 |   2632 |     67 |    129 |   2034 |   5 |  539.8 |
        Temple |    158 |    158 |      0 |    104 |      0 |   1 |  158.0 |
               +--------+--------+--------+--------+--------+-----+--------+

Top non-repeatable levels by time:
     D:4: 792 daAuts
     D:1: 730 daAuts
     D:2: 569 daAuts
     D:3: 538 daAuts
  Temple: 158 daAuts
     D:5: 68 daAuts
